cohdb
Replays
Latest Replays
All Replays
Popular Replays
Top Player Replays
Match Explorer
How It Works
Community
CoH3 Stats
Reddit
Sign in to upload your games and track your stats! →
Sign in with Steam
Match 40361078
Unlisted
Match 40361078
Overview
Messages
Build Orders
End
Construct Barracks
Riflemen Squad
Selects Heavy Weapons
Riflemen Squad
Riflemen Squad
Construct Weapon Support Center
Selects Assault Carriers
Air Support Center
M3 Assault Carrier
Engineer Squad
Grenade Package
Grasshopper Recon Run
P-47 Dive Bomb
P-47 Strafing Run
Selects Exchangeable Parts
Grasshopper Recon Run
P-47 Dive Bomb
M3 Assault Carrier
M1918 Browning Automatic Rifles
Double Sortie
Forward Retreat Point
P-47 Strafing Run
M1 Mortar Team
M3 Assault Carrier
Grasshopper Recon Run
P-47 Dive Bomb
GruZ
PULA OT BABULY[POINTRUNNER]
SM
Zero Ambition
DELTA ㋛
๋
Valdai
Italo Gariboldi
0
0
Comments
sign in to comment!
No comments posted yet!